 Dungeon Crawl Stone Soup version 0.21-a0-584-g185da8e (webtiles) character file.

108 slep the Chopper (level 4, 0/34 HPs)
             Began as a Barachi Gladiator on Dec 21, 2017.
             Slain by cerealjynx's ghost (1 damage)
             ... on level 3 of the Dungeon.
             The game lasted 00:05:23 (1398 turns).

slep the Chopper (Barachi Gladiator)                Turns: 1398, Time: 00:05:24

Health: 0/34       AC:  4    Str: 15    XL:     4   Next: 87%
Magic:  4/4        EV: 13    Int:  9    God:
Gold:   111        SH:  0    Dex: 14    Spells: 3/3 levels left

rFire    + . .     SeeInvis .   a - +0 war axe
rCold    + . .     Gourm    .   (no shield)
rNeg     . . .     Faith    .   b - +0 leather armour
rPois    +         Spirit   .   c - +0 helmet
rElec    +         Reflect  .   (no cloak)
rCorr    +         Harm     .   (no gloves)
MR       .....                  h - -1 pair of boots (curse)
Stlth    +.........             (no amulet)
HPRegen  0.11/turn              k - ring of flight
MPRegen  0.09/turn              (no ring)

@: resistant, flying, slow
A: +LOS, swims, slowness 1, strong legs 1
a: Hop


You were on level 3 of the Dungeon.
You were hungry.

You visited 1 branch of the dungeon, and saw 3 of its levels.

You collected 111 gold pieces.

Inventory:

Hand Weapons
 a - a +0 war axe (weapon)
Missiles
 d - 3 throwing nets (quivered)
 l - 2 curare-tipped needles
 o - 23 sling bullets
Armour
 b - a +0 leather armour (worn)
 c - a +0 helmet (worn)
 h - a cursed -1 pair of boots (worn)
Jewellery
 k - a ring of flight (left hand)
Wands
 m - a wand of random effects (25)
Scrolls
 g - 2 scrolls of teleportation {unknown}
 i - 2 scrolls of enchant weapon {unknown}
 j - 2 scrolls of identify {unknown}
 p - a scroll of immolation {unknown}
Comestibles
 f - 3 rations


   Skills:
 + Level 2.8 Fighting
 + Level 5.1 Axes
 + Level 2.0 Throwing
 + Level 1.2 Armour
 + Level 4.0 Dodging


You had 3 spell levels left.
You didn't know any spells.

Dungeon Overview and Level Annotations

Branches:
Dungeon (3/15)

Altars:
Vehumet
The Shining One

Annotations:
D:3 cerealjynx's ghost, amateur CeGl


Innate Abilities, Weirdness & Mutations

Shadows flee at your approach. (+LOS)
You can swim through water.
You cover ground slowly.
You can hop short distances.


Message History

Cerealjynx's ghost hits you.
Cerealjynx's ghost completely misses you.
You slash cerealjynx's ghost!
Cerealjynx's ghost is heavily damaged.
Cerealjynx's ghost misses you.
You hit cerealjynx's ghost.
Cerealjynx's ghost is severely damaged.
Cerealjynx's ghost barely misses you.
You slash cerealjynx's ghost!
Cerealjynx's ghost is almost destroyed.
Cerealjynx's ghost hits you!
You hit cerealjynx's ghost.
Cerealjynx's ghost is almost destroyed.
Cerealjynx's ghost hits you but does no damage.
Cerealjynx's ghost hits you!
* * * LOW HITPOINT WARNING * * *
x2 You closely miss cerealjynx's ghost.
Cerealjynx's ghost is almost destroyed.
Cerealjynx's ghost hits you.
You die...

#.# #.# #.### #... #.. #.#
########..$#######.#
....W..........W...#####.#
######## #@.<......#
######## #...#######
........ ###.# ########
#.# ...... #.. ###### #.##
# #.# # #.# # ..#


You could see cerealjynx's ghost.

Vanquished Creatures
  Terence (D:3)
  Robin (D:2)
  An adder (D:2)
  A worm (D:2)
  A leopard gecko (D:2)
  A ball python (D:1)
  7 bats
  5 giant cockroaches
  13 goblins
  6 hobgoblins
  3 frilled lizards
  9 kobolds
  3 rats (D:1)
52 creatures vanquished.

Vanquished Creatures (others)
  A goblin (D:2)
1 creature vanquished.

Grand Total: 53 creatures vanquished

Notes
Turn   | Place    | Note
-------+----------+-------------------------------------------
     0 | D:1      | slep the Barachi Gladiator began the quest for the Orb.
     0 | D:1      | Reached XP level 1. HP: 17/17 MP: 1/1
    73 | D:1      | Reached XP level 2. HP: 22/23 MP: 2/2
   366 | D:1      | Reached XP level 3. HP: 21/28 MP: 3/3
   368 | D:1      | Reached skill level 4 in Axes
   582 | D:3      | Noticed Terence
   585 | D:3      | Noticed cerealjynx's ghost (amateur CeGl)
   595 | D:3      | Killed Terence
   595 | D:3      | Reached skill level 1 in Armour
   595 | D:3      | Reached XP level 4. HP: 19/34 MP: 4/4
   770 | D:2      | Noticed Robin
   797 | D:2      | Killed Robin
   800 | D:2      | Reached skill level 5 in Axes
   813 | D:2      | Found a radiant altar of Vehumet.
  1210 | D:2      | Found a glowing golden altar of the Shining One.
  1397 | D:3      | HP: 1/34 [cerealjynx's ghost (3)]
  1398 | D:3      | Slain by cerealjynx's ghost

Vault maps used:
D:1:      saegor_arrival_simple_a, kennysheep_boxes
D:2:      old_standard_altar, fiery_altar_vehumet, uniq_robin
D:3:      uniq_sigmund, uniq_grinder, uniq_terence

Skill      XL: |  1  2  3  4 |
---------------+-------------+-----
Axes           | 4 5 |  5.1
Armour         | 1 |  1.2
Dodging        | 4 |  4.0
Fighting       | |  2.8
Throwing       | |  2.0

Action                   |  1- 3 |  4- 6 || total
-------------------------+-------+-------++-------
Melee: War axe           |    78 |    85 ||   163
  Use: Potion            |       |     2 ||     2
  Eat: Chunk             |       |     2 ||     2
Armor: Leather armour    |    29 |    30 ||    59
Dodge: Dodged            |    61 |    49 ||   110

Table legend:
 A = Spawn XP
 B = Non-spawn XP
 C = Spawn XP percentage of total XP
 D = Spawn monster count
 E = Non-spawn monster count
 F = Spawn count percentage of total count
 G = Total turns spent on level
                    A         B        C        D         E        F      G
               +---------+---------+-------+---------+---------+-------+---------
         Total |       0 |     155 |   0.0 |       0 |      52 |   0.0 |  1398
               +---------+---------+-------+---------+---------+-------+---------
           D:1 |       0 |      42 |   0.0 |       0 |      25 |   0.0 |   551
           D:2 |       0 |      75 |   0.0 |       0 |      25 |   0.0 |   792
           D:3 |       0 |      38 |   0.0 |       0 |       2 |   0.0 |    55
               +---------+---------+-------+---------+---------+-------+---------
